 Dungeon Crawl Stone Soup version 0.30-a0-1016-gfb0d676c02 (webtiles) character file.

Game seed: 12271112863814248991

1 riusaldregan the Shooter (level 1, 18/18 HPs)
             Began as a Minotaur Hunter on Apr 6, 2023.
             Quit the game on level 1 of the Dungeon.
             The game lasted 00:03:25 (33 turns).

riusaldregan the Shooter (Minotaur Hunter)            Turns: 33, Time: 00:03:26

Health: 18/18      AC:  3    Str: 15    XL:     1   Next: 16%
Magic:  0/0        EV: 12    Int:  6    God:
Gold:   0          SH:  0    Dex: 13    Spells: 0/0 levels left

rFire   . . .      SeeInvis .    a - +0 shortbow
rCold   . . .      Faith    .    (shield currently unavailable)
rNeg    . . .      Spirit   .    c - +0 leather armour
rPois   .          Reflect  .    (helmet restricted)
rElec   .          Rampage  .    (no cloak)
rCorr   .                        (no gloves)
Will    .....                    (no boots)
Stlth   +                        (no amulet)
HPRegen 0.23/turn                (no ring)
MPRegen 0.07/turn                (no ring)

@: no status effects
A: horns 2, retaliatory headbutt
a: no special abilities


You were on level 1 of the Dungeon.
You visited 1 branch of the dungeon, and saw 1 of its levels.

Inventory:

Hand Weapons
 a - a +0 shortbow (weapon)
Armour
 c - a +0 leather armour (worn)
Scrolls
 b - 2 scrolls of immolation


   Skills:
 + Level 2.4 Fighting
 + Level 4.4 Ranged Weapons
 + Level 2.2 Dodging
 + Level 0.7 Stealth


You couldn't memorise any spells.
You didn't know any spells.
Your spell library was empty.

Dungeon Overview and Level Annotations

Branches:
Dungeon (1/15)

Altars:


Innate Abilities, Weirdness & Mutations

You have a pair of horns on your head.
You reflexively headbutt those who attack you in melee.


Message History

Ran out of altars for temple! x3
Welcome, riusaldregan the Minotaur Hunter.
It's a long, long way down to the Orb of Zot, but that shouldn't be any trouble.
Press ? for a list of commands and other information.
Found a scroll of immolation.
Found two stairs.
b - 2 scrolls of immolation (gained 1)
Okay, then.
Okay, then.
Found a robe.
There is a stone staircase leading down here.
A kobold comes into view. It is wielding a +0 dagger.
The kobold throws a stone.
The stone hits you.
The kobold throws a stone.
The stone closely misses you.
Fire: a) +0 shortbow
Press: ? - help, Q - select action Shift-Dir - straight line, f - kobold
Aim: a kobold, wielding a +0 dagger and quivering stones (53% to hit)
You shoot an arrow. The arrow hits the kobold.
The kobold is heavily wounded.
Fire: a) +0 shortbow
Press: ? - help, Q - select action Shift-Dir - straight line, f/p - kobold
Aim: a kobold, wielding a +0 dagger and quivering stones (heavily wounded, 53% to hit)
You shoot an arrow. The arrow hits the kobold.
The kobold is severely wounded.
Fire: a) +0 shortbow
Press: ? - help, Q - select action Shift-Dir - straight line, f/p - kobold
Aim: a kobold, wielding a +0 dagger and quivering stones (severely wounded, 53% to hit)
You shoot an arrow. The arrow hits the kobold.
You kill the kobold!
You aren't carrying any potions.
Things that are here:
a +0 dagger; 5 stones; a kobold corpse No target in view!
Things that are here:
a +0 dagger; 5 stones; a kobold corpse Unknown command.
Unknown command.
You aren't carrying any potions.
Unknown command.
Are you sure you want to abandon this character and quit the game? (Confirm with "yes".)

### ..# #.#
##########
#.######.........
##.#..........######
.#.#.####.......@..#
...#.# #.###.####.#
...#.####.# #.# ..
.....>....###.# ##
...............
~~≈~P...P~~~≈≈~
~~≈~~...~≈≈~~~~≈
~~≈≈~...≈~≈~~~~≈
~≈~~.....≈~~~~


There were no monsters in sight!

Vanquished Creatures
  A kobold (D:1)
1 creature vanquished.

Notes
Turn   | Place    | Note
-------+----------+-------------------------------------------
     0 | D:1      | riusaldregan the Minotaur Hunter began the quest for the
                  | Orb.
     0 | D:1      | Reached XP level 1. HP: 18/18 MP: 0/0
    33 | D:1      | Quit the game

Illustrated notes

Levels and vault maps discovered:
D:1:      giann_bridges, layout_loops_ring, serial_shops, shop, shop, shop

Action                     || total
---------------------------++-------
   Fire: Shortbow          ||     3
  Dodge: Dodged            ||     1

Table legend: (Time is in decaauts)
 A = Elapsed time spent in this place.
 B = Non-inter-level travel time spent in this place.
 C = Inter-level travel time spent in this place.
 D = Time resting spent in this place.
 E = Time spent auto-exploring this place.
 F = Levels seen in this place.
 G = Mean time per level.
                   A        B        C        D        E       F      G
               +--------+--------+--------+--------+--------+-----+--------+
         Total |     34 |     28 |      6 |      0 |     15 |   1 |   34.0 |
       Dungeon |     34 |     28 |      6 |      0 |     15 |   1 |   34.0 |
               +--------+--------+--------+--------+--------+-----+--------+

Top non-repeatable levels by time:
     D:1: 34 daAuts
